 Dungeon Crawl Stone Soup version 0.31.0-11-ge490571c62 (webtiles) character file.

Game seed: 528041619367986763

336 qw the Shooter (level 6, -3/32 HPs)
             Began as a Spriggan Hunter on Feb 4, 2024.
             Killed by nerve-wracking pain
             ... invoked by an orc priest
              (6 damage)
             ... on level 4 of the Dungeon.
             The game lasted 00:00:50 (2512 turns).

qw the Shooter (Spriggan Hunter)                    Turns: 2512, Time: 00:00:50

Health: -3/32      AC:  2    Str:  7    XL:     6   Next: 28%
Magic:  7/7        EV: 20    Int: 11    God:
Gold:   177        SH:  0    Dex: 20    Spells: 5/5 levels left

rFire   . . .        a - +1 shortbow
rCold   . . .        (shield currently unavailable)
rNeg    . . .        c - +0 robe
rPois   .            (helmet restricted)
rElec   .            (no cloak)
rCorr   .            (gloves unavailable)
SInv    +            (boots unavailable)
Will    +....        (no amulet)
Stlth   ++           (no ring)
HPRegen 0.25/turn    (no ring)
MPRegen 0.10/turn

%: no passive effects
@: about to teleport, very quick
A: very small, no large weapons, unfitting armour, see invisible, speed 3
a: no special abilities


You were on level 4 of the Dungeon.
You visited 1 branch of the dungeon, and saw 4 of its levels.

You collected 177 gold pieces.


Innate Abilities, Weirdness & Mutations

You are very small and have problems with some larger weapons.
You are too small for most types of armour.
You have supernaturally acute eyesight. (SInv)
You cover ground extremely quickly. (Speed+++)


   Skills:
 - Level 3.6 Fighting
 + Level 5.5 Ranged Weapons
 - Level 5.0 Dodging
 - Level 1.5 Stealth


You had 5 spell levels left.
You didn't know any spells.
Your spell library was empty.

Inventory:

Hand Weapons
 a - a +1 shortbow (weapon)
Armour
 c - a +0 robe (worn)
Wands
 e - a wand of quicksilver (13)
 g - a wand of flame (26)
Scrolls
 b - a scroll of teleportation
Potions
 h - a potion of curing

Dungeon Overview and Level Annotations

Branches:
Dungeon (4/15)
 Temple: D:4-7

Altars:
Kikubaaqudgha
The Shining One

Shops:
D:2 :   D:3 :


Message History

You kill the orc!
Found 2 boomerangs.
Found a stone staircase leading down.
An orc priest comes into view. It is wielding a +0 flail.
You shoot an arrow. The arrow hits the orc priest.
The orc priest is moderately wounded.
You hear a shout!
The orc priest mumbles some strange prayers to Beogh against you.
Beogh smites you!
You shoot an arrow.
The arrow hits the orc priest but does no damage.
The orc priest is moderately wounded.
You shoot an arrow.
The arrow hits the orc priest but does no damage.
The orc priest is moderately wounded.
The orc priest closely misses you.
An orc priest comes into view. It is wielding a +0 dagger.
You shoot an arrow. The arrow hits the orc priest.
The orc priest is heavily wounded.
The orc priest calls upon Beogh to heal the orc priest.
The orc priest is healed somewhat.
The orc priest hits you with a +0 flail.
You shoot an arrow.
The arrow completely misses the orc priest.
The orc priest hits you with a +0 flail!
You shoot an arrow. The arrow barely misses the orc priest.
The arrow hits the orc priest but does no damage.
The orc priest completely misses you. The orc priest barely misses you.
The orc priest completely misses you.
You shoot an arrow. The arrow hits the orc priest.
The orc priest is lightly wounded.
The orc priest misses you.
The orc priest calls down the wrath of Beogh upon you.
Beogh smites you!
2512 ||| READING 2 scrolls of teleportation.
As you read the scroll of teleportation, it crumbles to dust.
You feel strangely unstable.
The orc priest mumbles some strange prayers to Beogh against you.
Pain shoots through your body!
You die...

### ### >. ....
... #.. ... .(...
#.. ... .....
##... #.##.#...
....##......#
#.#.o#.....#
###...o@..##.#
##.)..###.....#
....# #...#...#
## #..##.### ..#
##~~ +)..# .
~~~~~ #.###
~~~~~~#)# # ##%.#
###
##.####..####...#


You could see 2 orc priests.

Vanquished Creatures
  Sigmund (D:3)
  Jessica (D:3)
  Terence (D:2)
  Robin (D:3)
  3 adders
  A ribbon worm (D:2)
  3 dart slugs
  9 orcs
  3 endoplasms
  2 giant cockroaches
  8 goblins
  7 hobgoblins
  2 kobolds
  4 quokkas
  9 ball pythons
  2 bats
  3 frilled lizards
  7 rats
67 creatures vanquished.

Notes
Turn   | Place    | Note
-------+----------+-------------------------------------------
     0 | D:1      | qw the Spriggan Hunter began the quest for the Orb.
     0 | D:1      | Reached XP level 1. HP: 10/10 MP: 2/2
     0 | D:1      | 0 ||| qw: Version: 0.3-a-160-g6735b56
     0 | D:1      | 0 ||| qw: Game counter: 5856
     0 | D:1      | 0 ||| qw: Melee chars always use a shield: true
     0 | D:1      | 0 ||| qw: God list: Okawaru
     0 | D:1      | 0 ||| qw: Allow faded altars: false
     0 | D:1      | 0 ||| qw: Do Orc after clearing Dungeon:15 true
     0 | D:1      | 0 ||| qw: Do second Lair branch before Depths: true
     0 | D:1      | 0 ||| qw: Lair rune preference: random
     0 | D:1      | 0 ||| qw: Goals: Normal
     0 | D:1      | 0 ||| PLANNING D:1-11
    18 | D:1      | Reached skill level 3 in Dodging
    90 | D:1      | Reached XP level 2. HP: 14/14 MP: 3/3
   467 | D:1      | Found a faded altar of an unknown god.
   498 | D:1      | 498 ||| READING scroll labelled GOPNUM OLUHUTWIHO.
   499 | D:1      | 499 ||| READING 2 scrolls labelled SAYDEH PIFRA.
   499 | D:1      | 499 ||| IDENTIFYING clear potion
   500 | D:1      | 500 ||| READING scroll of identify.
   500 | D:1      | 500 ||| IDENTIFYING scroll labelled MUW ODUSUA
   501 | D:1      | 501 ||| READING scroll labelled PULAIG KE LAZ.
   504 | D:1      | 504 ||| DROPPING scroll of butterflies.
   505 | D:1      | 505 ||| DROPPING potion of degeneration.
   506 | D:1      | 506 ||| DROPPING scroll of fear.
   535 | D:2      | Reached XP level 3. HP: 12/18 MP: 4/4
   793 | D:2      | Found a glowing golden altar of the Shining One.
   963 | D:2      | Found Ecloz's Book Emporium.
  1119 | D:2      | Noticed Terence
  1142 | D:2      | Killed Terence
  1143 | D:2      | Reached XP level 4. HP: 12/22 MP: 5/5
  1376 | D:2      | 1376 ||| READING scroll labelled BAOSTR TESAKLEI.
  1376 | D:2      | 1376 ||| ENCHANTING +0 shortbow.
  1423 | D:3      | Noticed Jessica
  1425 | D:3      | Killed Jessica
  1508 | D:3      | Found Inwal's Vocational Training.
  1654 | D:3      | Found an ancient bone altar of Kikubaaqudgha.
  1703 | D:3      | Noticed Sigmund
  1706 | D:3      | 1706 ||| DRINKING smoky golden potion.
  1725 | D:3      | Killed Sigmund
  1726 | D:3      | Reached skill level 3 in Fighting
  1726 | D:3      | Reached XP level 5. HP: 12/28 MP: 6/6
  1726 | D:3      | Reached XP level 6. HP: 14/32 MP: 7/7
  1961 | D:3      | Noticed Robin
  1977 | D:3      | Killed Robin
  2393 | D:3      | 2393 ||| READING 2 scrolls of identify.
  2393 | D:3      | 2393 ||| IDENTIFYING golden potion
  2394 | D:3      | 2394 ||| READING scroll of identify.
  2394 | D:3      | 2394 ||| IDENTIFYING cyan potion
  2395 | D:3      | 2395 ||| DROPPING potion of attraction.
  2417 | D:4      | 2417 ||| PLANNING SEWER
  2419 | D:4      | 2419 ||| STAIRDANCE
  2424 | D:4      | 2424 ||| STAIRDANCE
  2511 | D:4      | HP: 2/32 [orc priest/divine providence (9)]
  2512 | D:4      | 2512 ||| READING 2 scrolls of teleportation.
  2512 | D:4      | Killed from afar by an orc priest

Levels and vault maps discovered:
D:1:      lightli_arrival_chessboard, layout_rooms,
          shapermc_ecumenical_altar_venn, interstate_on_off
D:2:      layout_basic, serial_shops, nicolae_book_shop_shelving, basic_altar,
          uniq_terence
D:3:      layout_basic, nicolae_kikubaaqudgha_miasma_corner,
          nicolae_shop_vocational, uniq_jessica, uniq_sigmund, uniq_robin
D:4:      layout_rooms, minmay_temple_entry_glass, gup_sewer_entry_bowl,
          serial_shops, kennysheep_mini_moat, hex_tiny, nicolae_zen_rock_garden,
          roderic_serpentine_path

Skill      XL: |  1  2  3  4 |
---------------+-------------+-----
Dodging        | 3 4 5 |  5.0
Ranged Weapons | 5 |  5.5
Fighting       | 3 |  3.6
Stealth        | |  1.5

Action                     |  1- 3 |  4- 6 || total
---------------------------+-------+-------++-------
   Fire: Shortbow          |    89 |   117 ||   206
    Use: Scroll            |     4 |     4 ||     8
         Potion            |       |     1 ||     1
 Armour: Robe              |     9 |    21 ||    30
  Dodge: Dodged            |    22 |    85 ||   107

Table legend:
 A = Non-vault XP
 B = Vault XP
 C = Vault XP percentage of total XP
 D = Non-vault monster count
 E = Vault monster count
 F = Vault count percentage of total count
                 A         B        C        D         E       F
            +---------+---------+-------+---------+---------+-------
      Total |     143 |     338 |  70.3 |      53 |      14 |  20.9
            +---------+---------+-------+---------+---------+-------
        D:1 |      28 |       0 |   0.0 |      16 |       0 |   0.0
        D:2 |      42 |      36 |  46.2 |      16 |       1 |   5.9
        D:3 |      51 |     296 |  85.3 |      17 |      10 |  37.0
        D:4 |      22 |       6 |  21.4 |       4 |       3 |  42.9
            +---------+---------+-------+---------+---------+-------
